 Dungeon Crawl Stone Soup version 0.28-a0-998-gb9e9c7b67e (webtiles) character file.

Game seed: 14808357504720456388

1526 vineage the Fighter (level 8, -3/56 HPs)
             Began as a Gargoyle Fighter on Dec 5, 2021.
             Slain by a gnoll (14 damage)
             ... on level 5 of the Dungeon.
             The game lasted 00:04:50 (5211 turns).

vineage the Fighter (Gargoyle Fighter)              Turns: 5211, Time: 00:04:51

Health: -3/56      AC: 16    Str: 23    XL:     8   Next: 85%
Magic:  8/8        EV:  9    Int:  9    God:
Gold:   259        SH:  7    Dex: 23    Spells: 7/7 levels left

rFire   . . .      SeeInvis .   a - +0 flail
rCold   . . .      Faith    .   c - +1 buckler
rNeg    + . .      Spirit   .   q - +3 scale mail {Will+}
rPois   ∞          Reflect  .   (no helmet)
rElec   +          Harm     .   m - +0 cloak "Atiec" {Str+3}
rCorr   .          Rampage  .   (no gloves)
Will    +....                   (no boots)
Stlth   +.........              (no amulet)
HPRegen 0.18/turn               i - +6 ring of dexterity
MPRegen 0.11/turn               j - +6 ring of dexterity

@: no status effects
A: sickness immunity, AC +5, negative energy resistance 1, electricity
resistance, torment resistance 1, petrification resistance
a: no special abilities


You were on level 5 of the Dungeon.
You visited 1 branch of the dungeon, and saw 5 of its levels.

You collected 259 gold pieces.

Inventory:

Hand Weapons
 a - a +0 flail (weapon)
Armour
 b - a +0 scale mail
 c - a +1 buckler (worn)
 m - the +0 cloak "Atiec" (worn) {Str+3}
   (You found it on level 4 of the Dungeon)

   Str:       It affects your strength (+3).
 q - a +3 scale mail of willpower (worn)
Jewellery
 i - a +6 ring of dexterity (left hand)
 j - a +6 ring of dexterity (right hand)
Wands
 g - a wand of iceblast (5)
 h - a wand of flame (21)
Scrolls
 e - 4 scrolls of teleportation
 k - a scroll of enchant armour
 n - a scroll of fog {unknown}
 o - a scroll of identify
 s - a scroll of noise {unknown}
Potions
 d - a potion of attraction
 f - a potion of mutation {unknown}
 l - a potion of brilliance {unknown}
 p - a potion of degeneration {unknown}
 r - a potion of lignification {unknown}


   Skills:
 + Level 9.0 Fighting
 + Level 7.9 Maces & Flails
 - Level 3.2 Armour
 - Level 3.2 Shields


You had 7 spell levels left.
You didn't know any spells.
Your spell library contained the following spells:

 Spells                   Type           Power      Damage    Failure   Level
 Animate Skeleton         Necr           0%         N/A       73%         1
 Apportation              Tloc           0%         N/A       73%         1
 Summon Small Mammal      Summ           0%         N/A       73%         1
 Frozen Ramparts          Ice            0%         1d2       97%         3
 Ice Form                 Ice/Tmut       0%         N/A       100%        4
 Summon Ice Beast         Ice/Summ       0%         N/A       100%        4


Dungeon Overview and Level Annotations

Branches:
Dungeon (5/15)
 Temple: D:4-7

Altars:
Trog

Shops:
D:1 (:[

Portals:
Abyss: D:5

Annotations:
D:5 1 transporter


Innate Abilities, Weirdness & Mutations

You are immune to sickness and miasma.
Your stone body is resilient. (AC +5)
You are immune to poison.
You resist negative energy. (rN+)
You are resistant to electric shocks. (rElec)
You are resistant to unholy torment.
You are immune to petrification.


Message History

You are too injured to fight recklessly!
You are too injured to fight recklessly!
You are too injured to fight recklessly!
You are too injured to fight recklessly!
You are too injured to fight recklessly!
You are too injured to fight recklessly!
You are too injured to fight recklessly!
You are too injured to fight recklessly!
You are too injured to fight recklessly!
You are too injured to fight recklessly!
You are too injured to fight recklessly!
You are too injured to fight recklessly!
You are too injured to fight recklessly!
You are too injured to fight recklessly!
You hit the small abomination but do no damage.
The small abomination is moderately damaged.
The small abomination hits you but does no damage.
You hit the small abomination but do no damage.
The small abomination is moderately damaged.
The small abomination hits you but does no damage.
You completely miss the small abomination.
The small abomination is moderately damaged.
The small abomination misses you.
You hit the small abomination but do no damage.
The small abomination is moderately damaged.
The small abomination hits you.
You thump the small abomination!
The small abomination is severely damaged.
The small abomination hits you but does no damage.
You thump the small abomination!
The small abomination is almost destroyed.
The small abomination hits you.
You closely miss the small abomination.
The small abomination is almost destroyed.
The small abomination hits you!
* * * LOW HITPOINT WARNING * * *
You sock the small abomination!
You destroy the small abomination!
The gnoll hits you but does no damage. Space warps horribly around you!
You die...

..#...##.....##.......#........##
.......##.....................##.
##.##.##......#.....<..........##
[####..##..####...............###
.#..#.(.....#....................
.......####......................
#.####..###.....###....####......
..###....##....##g##..###.####...
.###...........#@#.##.# #...W#©..
.##.......##...####x###..#####...
..........###...##.#....#####....
................###...^##........
..........##......#..#.#.........
....⌠....###.....©#$g.##..###....
........####.....##...#..##x##...
........#.#.....##....##.#.?.##..
................#∩#.#..####..##..


You could see a gnoll.

Vanquished Creatures
  The ghost of sanka the Magician, a novice GnWz of Ashenzari (D:5)
  The ghost of Goblin1989 the Sneak, an amateur DsBr of Cheibriados (D:4)
  Sigmund (D:2)
  A small abomination (D:5)
  Duvessa (D:4)
  3 necrophages (D:5)
  A scorpion (D:5)
  Dowan (D:4)
  A water moccasin skeleton (D:4)
  2 hounds (D:5)
  An orc priest (D:4)
  A centaur skeleton (D:5)
  Jessica (D:3)
  An iguana (D:4)
  Ijyb (D:3)
  An orc wizard (D:3)
  4 adders
  4 gnolls (D:2)
  A shadow imp (D:5)
  An ufetubus (D:3)
  2 dart slugs
  8 orcs
  3 ball pythons
  5 endoplasms
  2 giant cockroaches
  17 goblins
  7 hobgoblins
  4 quokkas
  5 bats
  2 frilled lizards
  7 kobolds
  A rat (D:3)
92 creatures vanquished.

Notes
Turn   | Place    | Note
-------+----------+-------------------------------------------
     0 | D:1      | vineage the Gargoyle Fighter began the quest for the Orb.
     0 | D:1      | Reached XP level 1. HP: 14/14 MP: 1/1
    17 | D:1      | Found Niode's Weapon Shop.
   160 | D:1      | Found a faded altar of an unknown god.
   188 | D:1      | Reached XP level 2. HP: 19/19 MP: 2/2
   201 | D:1      | Found Hasec's Armour Boutique.
   551 | D:1      | Found Loymoon's Book Emporium.
  1010 | D:2      | Noticed Sigmund
  1017 | D:2      | Killed Sigmund
  1018 | D:2      | Reached skill level 5 in Fighting
  1018 | D:2      | Reached XP level 3. HP: 25/26 MP: 3/3
  1018 | D:2      | Reached XP level 4. HP: 29/31 MP: 4/4
  1018 | D:2      | Reached XP level 5. HP: 33/35 MP: 5/5
  1206 | D:2      | Reached XP level 6. HP: 12/40 MP: 6/6
  2127 | D:3      | Noticed Ijyb
  2412 | D:3      | Killed Ijyb
  2605 | D:3      | Noticed Jessica
  2615 | D:3      | Killed Jessica
  2845 | D:3      | Reached skill level 6 in Fighting
  2845 | D:3      | Reached skill level 5 in Maces & Flails
  3839 | D:4      | Reached XP level 7. HP: 44/47 MP: 7/7
  4043 | D:4      | Identified the +0 cloak "Atiec" {Str+3}
  4154 | D:4      | Found a runed translucent door.
  4185 | D:4      | Noticed Goblin1989's ghost (amateur DsBr)
  4202 | D:4      | Killed Goblin1989's ghost
  4203 | D:4      | Reached skill level 7 in Fighting
  4268 | D:5      | Entered Level 5 of the Dungeon
  4268 | D:5      | Noticed Duvessa
  4268 | D:5      | Noticed Dowan
  4288 | D:4      | Killed Duvessa
  4312 | D:4      | Killed Dowan
  4544 | D:5      | Reached XP level 8. HP: 40/54 MP: 8/8
  4644 | D:5      | Found a transporter.
  4645 | D:5      | Noticed sanka's ghost (novice GnWz)
  4697 | D:5      | Reached skill level 8 in Fighting
  4746 | D:5      | Found a bloodstained altar of Trog.
  4821 | D:5      | Found a transporter.
  5031 | D:5      | Found a one-way gate to the infinite horrors of the Abyss.
  5179 | D:5      | Killed sanka's ghost
  5180 | D:5      | Reached skill level 9 in Fighting
  5211 | D:5      | Slain by a gnoll

Illustrated notes

Levels and vault maps discovered:
D:1:      minmay_arrival_doors, layout_basic, hellmonk_ecumenical_altar_blasted,
          serial_shops, nicolae_shop_statue_plus, nicolae_square_shop,
          nicolae_shop_stone
D:2:      layout_loops_corners, uniq_sigmund
D:3:      kennysheep_the_goblin_king, layout_loops_corners, uniq_jessica
D:4:      layout_loops_ring, ebering_ghost_reflecting_pool, corexii_checkpoint_b
D:5:      layout_cave_pools, mainiacjoe_overflow_alcove_2,
          gammafunk_ghost_abyssal_escape, serial_column_ruins,
          column_ruins_hut_ruined, column_ruins_hut,
          column_ruins_open_small_water, column_ruins_grid_1,
          column_ruins_corridor_water, column_ruins_open_medium,
          column_ruins_columns_corner, uniq_duvessa

Skill      XL: |  1  2  3  4  5  6  7  8 |
---------------+-------------------------+-----
Fighting       | 5 6 7 9 |  9.0
Maces & Flails | 4 5 6 7 |  7.9
Armour         | |  3.2
Shields        | |  3.2

Action                   |  1- 3 |  4- 6 |  7- 9 || total
-------------------------+-------+-------+-------++-------
Melee: Flail             |    56 |   195 |   158 ||   409
  Use: Scroll            |     3 |     1 |     3 ||     7
       Potion            |     1 |     1 |       ||     2
Armor: Scale mail        |    33 |    73 |    69 ||   175
Dodge: Dodged            |    32 |    70 |    48 ||   150
Block: Buckler           |    17 |    66 |    39 ||   122

Table legend: (Time is in decaauts)
 A = Elapsed time spent in this place.
 B = Non-inter-level travel time spent in this place.
 C = Inter-level travel time spent in this place.
 D = Time resting spent in this place.
 E = Time spent auto-exploring this place.
 F = Levels seen in this place.
 G = Mean time per level.
                   A        B        C        D        E       F      G
               +--------+--------+--------+--------+--------+-----+--------+
         Total |   5291 |   5080 |    211 |    579 |   3643 |   5 | 1058.2 |
       Dungeon |   5291 |   5080 |    211 |    579 |   3643 |   5 | 1058.2 |
               +--------+--------+--------+--------+--------+-----+--------+

Top non-repeatable levels by time:
     D:4: 1277 daAuts
     D:3: 1261 daAuts
     D:2: 1134 daAuts
     D:1: 911 daAuts
     D:5: 707 daAuts
